Map: Dusk Towers

Players

Zist - Winner!

  • Race: Terran Terran
  • League: Diamond

LilDicky

  • Race: Terran Terran
  • League: Diamond

VOD

http://www.twitch.tv/tumescentpie

Description

Time

  • Played on: Dec. 5, 2015, 7 p.m.
  • Length: 7:05
Show
View Real Time Build Order
Export as new Build Order

Zist Terran - Winner!

Build Orders: 1/1/1 

Get SALT Encoding   

  12  0:01  SCV  
  13  0:13  SCV  
  14  0:20  Supply Depot  
  14  0:25  SCV  
  15  0:38  Refinery  
  15  0:42  SCV  
  16  0:45  Barracks  
  16  0:54  SCV  
  17  1:06  SCV  
  18  1:12  Refinery  
  18  1:18  SCV  
  20  1:34  Marine  
  20  1:37  Orbital Command  
  20  1:40  Factory  
  20  1:56  Marine  
  20  2:00  Supply Depot  
  21  2:03  SCV  
  22  2:15  Marine  
  23  2:22  SCV  
  24  2:23  Supply Depot, Factory Tech Lab  
  24  2:27  Starport  
  24  2:34  SCV, Marine  
  26  2:39  Supply Depot  
  26  2:46  Siege Tank  
  28  2:51  Marine  
  28  2:58  SCV  
  30  3:04  Medivac  
  32  3:06  Engineering Bay  
  32  3:10  SCV  
  33  3:18  Marine  
  34  3:22  SCV  
  35  3:34  SCV  
  35  3:37  Missile Turret  
  35  3:39  Marine  
  35  3:40  Supply Depot, Medivac  
  39  3:43  Siege Tank  
  39  3:46  SCV  
  39  3:48  Terran Infantry Weapons Level 1  
  43  3:58  SCV  
  43  4:02  Marine  
  45  4:11  SCV  
  46  4:17  Command Center  
  46  4:27  SCV  
  46  4:29  Viking  
  49  4:39  SCV  
  49  4:41  Stimpack  
  49  4:42  Widow Mine, Marine  
  53  4:51  SCV  
  53  4:52  Barracks  
  47  5:30  SCV, Missile Turret, Orbital Command  
  47  5:31  Viking  
  47  5:33  Widow Mine  
  52  5:43  Barracks Reactor  
  52  5:44  Command Center  
  52  5:46  Missile Turret  
  52  5:49  SCV  
  53  5:54  Missile Turret  
  53  5:55  SCV  
  54  6:01  SCV  
  55  6:04  Factory Reactor  
  55  6:08  SCV  
  55  6:30  Marine  
  55  6:31  Marine  
  58  6:32  SCV  
  58  6:33  SCV  
  63  7:04  Barracks  
Show
View Real Time Build Order
Export as new Build Order

LilDicky Terran 

Build Orders: Banshee Rush 

Get SALT Encoding   

  12  0:01  SCV  
  13  0:13  SCV  
  14  0:18  Supply Depot  
  14  0:27  Refinery  
  15  0:28  SCV  
  15  0:40  SCV  
  16  0:46  Barracks  
  16  0:54  SCV  
  17  1:06  SCV  
  18  1:21  SCV  
  19  1:35  Reaper  
  19  1:36  Supply Depot  
  19  1:37  Orbital Command  
  20  2:03  SCV  
  21  2:08  Refinery, Marine  
  21  2:09  Factory  
  23  2:15  SCV  
  23  2:22  Command Center  
  23  2:26  Marine  
  23  2:27  SCV  
  25  2:39  SCV  
  26  2:48  Marine  
  26  2:52  SCV  
  26  2:54  Factory Tech Lab, Starport  
  27  3:04  SCV  
  28  3:08  Supply Depot  
  28  3:16  SCV  
  28  3:17  Engineering Bay  
  29  3:28  SCV  
  30  3:35  Orbital Command  
  30  3:40  SCV  
  31  3:51  Banshee, Cloaking Field  
  31  3:52  Supply Depot, Widow Mine, Missile Turret, SCV  
  37  3:59  Marine  
  37  4:01  SCV  
  39  4:04  SCV  
  40  4:11  Refinery  
  40  4:13  SCV  
  40  4:16  SCV  
  40  4:17  Marine  
  42  4:18  Supply Depot  
  43  4:25  SCV  
  43  4:29  Factory Tech Lab  
  44  4:33  SCV  
  44  4:35  Supply Depot, Banshee  
  48  4:43  Supply Depot  
  48  4:48  Siege Tank  
  48  4:49  Marine  
  48  4:51  SCV  
  53  4:56  SCV, Missile Turret  
  40  5:14  Marine  
  33  5:15  SCV  
  33  5:20  Siege Tank  
  36  5:27  SCV x2  
  38  5:31  Marine  
  38  5:32  Viking  
  41  5:39  SCV  
  41  5:42  SCV  
  43  5:51  Supply Depot  
  43  5:52  Siege Tank  
  46  5:57  Marine  
  47  6:25  Siege Tank  
  48  6:32  SCV  
Tags
 
Add a new tag
Caveats
  • Supply blocks, unpowered buildings, or Contaminate may cause inaccurate times.
  • Supply counts are checked every 10 seconds.